 Dungeon Crawl Stone Soup version 0.26-a0-710-g95a0c6c400 (webtiles) character file.

Game seed: 2355962966117595094

137 Demosthentine the Skirmisher (level 5, -7/42 HPs)
             Began as a Demonspawn Abyssal Knight on Oct 31, 2020.
             Was a Believer of Lugonu.
             Killed from afar by an orc wizard (12 damage)
             ... with a puff of flame
             ... on level 3 of the Dungeon.
             The game lasted 00:03:38 (2874 turns).

Demosthentine the Skirmisher (DsAK)                 Turns: 2874, Time: 00:03:39

Health: -7/42      AC:  5    Str: 13    XL:     5   Next: 0%
Magic:  6/6        EV: 12    Int: 13    God:    Lugonu [**....]
Gold:   136        SH:  0    Dex: 13    Spells: 4/4 levels left

rFire    . . .     SeeInvis .   a - +1 spear
rCold    . . .     Faith    .   (no shield)
rNeg     . . .     Spirit   .   b - +0 leather armour
rPois    .         Reflect  .   (no helmet)
rElec    .         Harm     .   (no cloak)
rCorr    .         Rampage  .   (no gloves)
MR       .....                  (no boots)
Stlth    +.........             (no amulet)
HPRegen  0.14/turn              (no ring)
MPRegen  0.10/turn              (no ring)

@: no status effects
A: claws 1, molten scales 1, rot immunity
a: Depart the Abyss, Bend Space, Renounce Religion


You were on level 3 of the Dungeon.
You worshipped Lugonu.
Lugonu was pleased with you.
You visited 1 branch of the dungeon, and saw 3 of its levels.
You visited the Abyss 1 time.

You collected 136 gold pieces.

Inventory:

Hand Weapons
 a - a +1 spear (weapon)
Armour
 b - a +0 leather armour (worn)
Scrolls
 c - a scroll of remove curse
 d - a scroll of noise
 g - a scroll of teleportation
 l - a scroll of amnesia
Potions
 f - 3 potions of magic
 h - a potion of stabbing {unknown}
 j - a potion of flight {unknown}
 k - a potion of brilliance {unknown}


   Skills:
 + Level 3.8 Fighting
 + Level 2.8 Polearms
 + Level 2.8 Armour
 + Level 2.1 Dodging
 - Level 2.4 Invocations


You had 4 spell levels left.
You didn't know any spells.
Your spell library was empty.

Dungeon Overview and Level Annotations

Branches:
Dungeon (3/15)

Altars:
Nemelex Xobeh


Innate Abilities, Weirdness & Mutations

You have sharp fingernails.
You are partially covered in molten scales. (AC +2)
You are immune to rotting.


Message History

* * * LOW HITPOINT WARNING * * *
You feel better. The orc hits you.
* * * LOW HITPOINT WARNING * * *
The orc wizard casts a spell.
The orc wizard flickers and vanishes!
Deactivating autopickup; reactivate with Ctrl-A.
You closely miss something. The orc closely misses you.
Something completely misses you.
You barely miss something. The orc barely misses you. Something hits you.
* * * LOW HITPOINT WARNING * * *
You feel better. The orc barely misses you. Something completely misses you.
You hit something. The orc misses you. Something hits you.
* * * LOW HITPOINT WARNING * * *
You barely miss something. The orc hits you.
* * * LOW HITPOINT WARNING * * *
You hear some strange, mumbled words.
A puff of flame appears from out of thin air!
The puff of flame hits you!
You die...

###.## ......#
#.....$..# #.....
#........# #..#..
#........#
.....###........+
#....##........#
+....##........#
.#.#...{##).......#
........@o....!...#
.#.##+####).......#
....#######+#'#......[.
.
#.....#>.......#########
. #.....#........# ..
+.....+........#
#.#####.....#....†...#
......†.....#........#
...<........######'###


You could see an orc.

Vanquished Creatures
  Jessica (D:2)
  5 adders
  A worm (D:2)
  2 leopard geckos (D:1)
  3 orcs (D:3)
  4 giant cockroaches
  6 goblins
  7 hobgoblins (D:1)
  6 jackals
  A ball python (D:2)
  10 bats
  2 frilled lizards
  3 kobolds
  8 rats
59 creatures vanquished.

Notes
Turn   | Place    | Note
-------+----------+-------------------------------------------
     0 | Abyss:1  | Demosthentine the Demonspawn Abyssal Knight began the quest
                  | for the Orb.
     0 | Abyss:1  | Reached XP level 1. HP: 18/18 MP: 2/2
    35 | Abyss:1  | Noticed a blink frog
    73 | D:1      | Escaped the Abyss
   140 | D:1      | Reached skill level 1 in Dodging
   233 | D:1      | Gained mutation: You have sharp fingernails. [demonic
                  | ancestry]
   233 | D:1      | Reached XP level 2. HP: 24/24 MP: 3/3
   571 | D:1      | Reached * piety under Lugonu
   905 | D:1      | Reached XP level 3. HP: 29/29 MP: 4/4
  1828 | D:2      | Gained mutation: You are partially covered in molten
                  | scales. (AC +2) [demonic ancestry]
  1828 | D:2      | Reached XP level 4. HP: 35/35 MP: 5/5
  1970 | D:2      | Found a sparkling altar of Nemelex Xobeh.
  2046 | D:2      | Noticed Jessica
  2054 | D:2      | Killed Jessica
  2838 | D:3      | Reached ** piety under Lugonu
  2838 | D:3      | Gained mutation: You are immune to rotting. [demonic
                  | ancestry]
  2838 | D:3      | Reached XP level 5. HP: 29/42 MP: 6/6
  2874 | D:3      | Killed from afar by an orc wizard

Illustrated notes

Levels and vault maps discovered:
D:1:      mushboom_english_gardens, layout_basic, roderic_roman_lattice
D:2:      layout_loops_corners, nemelex_xobeh_ov_fountains_minmay, uniq_jessica
D:3:      layout_basic, portal_sewer_entry_e

Skill      XL: |  1  2  3  4 |
---------------+-------------+-----
Dodging        | 1 2 |  2.1
Polearms       | 2 |  2.8
Armour         | 2 |  2.8
Fighting       | |  3.8
Invocations    | |  2.4

Action                   |  1- 3 |  4- 6 || total
-------------------------+-------+-------++-------
Melee: Spear             |   146 |   118 ||   264
Invok: Depart the Abyss  |     1 |       ||     1
  Use: Scroll            |     5 |     4 ||     9
       Potion            |       |     2 ||     2
 Stab: Sleeping          |     1 |     1 ||     2
Armor: Leather armour    |    30 |    22 ||    52
Dodge: Dodged            |    74 |    56 ||   130

Table legend: (Time is in decaauts)
 A = Elapsed time spent in this place.
 B = Non-inter-level travel time spent in this place.
 C = Inter-level travel time spent in this place.
 D = Time resting spent in this place.
 E = Time spent auto-exploring this place.
 F = Levels seen in this place.
 G = Mean time per level.
                   A        B        C        D        E       F      G
               +--------+--------+--------+--------+--------+-----+--------+
         Total |   2869 |   2839 |     30 |    201 |   2025 |   4 |  717.2 |
       Dungeon |   2796 |   2766 |     30 |    201 |   1992 |   3 |  932.0 |
         Abyss |     73 |     73 |      0 |      0 |     33 |   1 |   73.0 |
               +--------+--------+--------+--------+--------+-----+--------+

Top non-repeatable levels by time:
     D:2: 1616 daAuts
     D:1: 915 daAuts
     D:3: 263 daAuts
 Abyss:1: 73 daAuts
